 Dungeon Crawl Stone Soup version 0.24-a0-378-g94936e539c (webtiles) character file.

Game seed: 17277893440272967086

53 HAL9000 the Sneak (level 3, 0/18 HPs)
             Began as a Vine Stalker Assassin on June 2, 2019.
             Succumbed to an adder's poison
             ... on level 2 of the Dungeon.
             The game lasted 00:01:09 (1465 turns).

HAL9000 the Sneak (Vine Stalker Assassin)           Turns: 1465, Time: 00:01:09

Health: 0/18       AC:  4    Str: 13    XL:     3   Next: 89%
Magic:  4/4        EV: 11    Int: 12    God:
Gold:   70         SH:  0    Dex: 15    Spells: 2/2 levels left

rFire    . . .     SeeInvis .   a - +2 dagger
rCold    . . .     Gourm    .   (no shield)
rNeg     . . .     Faith    .   k - +0 leather armour
rPois    .         Spirit   +   (no helmet)
rElec    .         Reflect  .   c - +0 cloak
rCorr    +         Harm     .   (no gloves)
MR       .....                  (no boots)
Stlth    +.........             (no amulet)
HPRegen  0.06/turn              h - ring of resist corrosion
MPRegen  0.09/turn              (no ring)

@: confused, lethally poisoned (0 -> -6)
A: fangs 2, magic shield, antimagic bite, no potion heal 3, rot immunity
a: no special abilities


You were on level 2 of the Dungeon.
You were hungry.

You visited 1 branch of the dungeon, and saw 2 of its levels.

You collected 70 gold pieces.

Inventory:

Hand Weapons
 a - a +2 dagger (weapon)
Missiles
 d - 8 poisoned darts (quivered)
 e - 2 curare-tipped darts
Armour
 c - a +0 cloak (worn)
 k - a +0 leather armour (worn)
Jewellery
 h - a ring of resist corrosion (left hand)
Scrolls
 g - a scroll of magic mapping {unknown}
 i - a scroll of immolation {unknown}
 l - a scroll of remove curse {unknown}
Comestibles
 f - 3 rations


   Skills:
 - Level 1.7 Fighting
 + Level 3.7 Short Blades
 - Level 1.7 Throwing
 - Level 0.7 Dodging
 - Level 4.8 Stealth


You had 2 spell levels left.
You didn't know any spells.
Your spell library was empty.

Dungeon Overview and Level Annotations

Branches:
Dungeon (2/15)

Altars:


Innate Abilities, Weirdness & Mutations

You have extremely sharp teeth.
When hurt, damage is shared between your health and your magic reserves.
Your bite disrupts and absorbs the magic of your enemies.
Potions cannot restore your health.
You are immune to rotting.


Message History

You miss the adder.
* * * LOW HITPOINT WARNING * * *
You feel sick. The adder bites you.
* * * LOW HITPOINT WARNING * * *
It was a potion of curing.
Your system rejects the healing.
You feel better. The adder bites you.
* * * LOW HITPOINT WARNING * * *
Unknown command.
It was a potion of ambrosia.
You are confused.
Your system rejects the healing.
You feel invigorated. The adder barely misses you. The adder bites you.
You are lethally poisoned!
The adder poisons you!
Unknown command.
You barely miss the adder.
* * * LOW HITPOINT WARNING * * *
You feel sick. The adder barely misses you.
You're too confused to move!
You die...

#...(.# #.########
#.....# #........#
#.....####........#
#........'........#
#######'######........#
...# #.# #######.#####
...# #.# #...≈♣)...≈##
...####.# #.≈..S.≈≈...#
........# #...#♣@≈.≈.≈#
........###.♣≈≈.≈.≈≈.≈#
............≈≈≈...≈♣###
........####♣≈≈...≈≈≈≈..
........##....#.≈.......
†.......##...≈≈≈≈≈♣..)..
)........+..≈...........
........##..?..≈≈.≈≈≈...
...####.##....##........


You could see an adder.

Vanquished Creatures
  2 adders (D:2)
  3 dart slugs
  A giant cockroach (D:1)
  3 hobgoblins
  5 jackals (D:1)
  3 kobolds
  6 bats (D:1)
  2 frilled lizards
  5 rats
30 creatures vanquished.

Notes
Turn   | Place    | Note
-------+----------+-------------------------------------------
     0 | D:1      | HAL9000 the Vine Stalker Assassin began the quest for the
                  | Orb.
     0 | D:1      | Reached XP level 1. HP: 11/11 MP: 2/2
   529 | D:1      | Reached XP level 2. HP: 15/15 MP: 3/3
  1031 | D:1      | Reached XP level 3. HP: 15/18 MP: 4/4
  1465 | D:2      | Succumbed to an adder's poison

Levels and vault maps discovered:
D:1:      dpeg_arrival_rooms_c, layout_basic
D:2:      layout_basic, chequers_serial_rivers_marsh, st_stairs_7

Skill      XL: |  1  2 |
---------------+-------+-----
Short Blades   | 2 3 |  3.7
Fighting       | |  1.7
Throwing       | |  1.7
Dodging        | |  0.7
Stealth        | |  4.8

Action                   || total
-------------------------++-------
Melee: Dagger            ||   104
       Bite              ||    20
  Use: Potion            ||     2
 Stab: Sleeping          ||    10
  Eat: Chunk             ||     1
Armor: Robe              ||    14
       Leather armour    ||    16
Dodge: Dodged            ||    61

Table legend:
 A = Non-vault XP
 B = Vault XP
 C = Vault XP percentage of total XP
 D = Non-vault monster count
 E = Vault monster count
 F = Vault count percentage of total count
                 A         B        C        D         E       F
            +---------+---------+-------+---------+---------+-------
      Total |      77 |       0 |   0.0 |      30 |       0 |   0.0
            +---------+---------+-------+---------+---------+-------
        D:1 |      39 |       0 |   0.0 |      21 |       0 |   0.0
        D:2 |      38 |       0 |   0.0 |       9 |       0 |   0.0
            +---------+---------+-------+---------+---------+-------
